 Dungeon Crawl Stone Soup version 0.20-a0-1008-g0de3dc5 (console) character file.

96 vuev the Conjurer (level 4, 0/24 HPs)
             Began as a Deep Elf Conjurer on Apr 14, 2017.
             Slain by an orc
             ... wielding a +2 mace of protection
              (9 damage)
             ... on level 3 of the Dungeon.
             The game lasted 00:05:22 (3666 turns).

vuev the Conjurer (Deep Elf Conjurer)               Turns: 3666, Time: 00:05:23

Health: 0/24       AC:  2    Str:  5    XL:     4   Next: 41%
Magic:  1/3        EV: 13    Int: 21    God:
Gold:   135        SH:  5    Dex: 15    Spells: 7/10 levels left

rFire    . . .     SeeInvis .   o - +0 dagger (antimagic)
rCold    . . .     Gourm    .   (no shield)
rNeg     . . .     Faith    .   a - +0 robe
rPois    .         Spirit   .   (no helmet)
rElec    .         Reflect  +   (no cloak)
rCorr    .         Harm     .   (no gloves)
MR       .....                  (no boots)
Stlth    ++........             i - +5 amulet of reflection
Regen    0.1/turn               (no ring)
MPRegen  0.1/turn               (no ring)

@: no status effects
A: no striking features
a: no special abilities


You were on level 3 of the Dungeon.
You were not hungry.

You visited 1 branch of the dungeon, and saw 4 of its levels.

You collected 135 gold pieces.

Inventory:

Hand Weapons
 f - a +0 dagger
 o - a +0 antimagic dagger (weapon)
Missiles
 h - 161 stones (quivered)
Armour
 a - a +0 robe (worn)
Jewellery
 i - a +5 amulet of reflection (around neck)
Scrolls
 d - 3 scrolls of identify {unknown}
 j - a scroll of amnesia {unknown}
 k - 2 scrolls of remove curse {unknown}
 q - a scroll of blinking {unknown}
Potions
 n - a potion of invisibility {unknown}
 p - a potion of cancellation
Books
 b - a book of Conjurations

   Spells                             Type                      Level
   a - Magic Dart                     Conjuration                  1
   b - Searing Ray                    Conjuration                  2
   c - Dazzling Spray                 Conjuration/Hexes            3
   d - Fulminant Prism                Conjuration/Hexes            4
   e - Force Lance                    Conjuration/Translocation    4
   f - Iskenderun's Mystic Blast      Conjuration                  4
Comestibles
 c - a bread ration
 g - 2 meat rations
 l - 2 royal jellies
 m - 2 chunks of flesh


   Skills:
 + Level 2.8 Dodging
 - Level 2.4 Stealth
 + Level 3.7 Spellcasting
 + Level 6.0 Conjurations


You had 7 spell levels left.
You knew the following spells:

 Your Spells              Type           Power        Failure   Level  Hunger
a - Magic Dart            Conj           ####         1%          1    None
r - Searing Ray           Conj           ####..       1%          2    ##.....


Dungeon Overview and Level Annotations

Branches:
Dungeon (4/15)
 Temple: D:4-7

Altars:

Shops:
D:4 %


Message History

The orc is almost dead.
The orc closely misses you. You block the orc's attack.
The goblin shouts!
You hit the orc.
You kill the orc!
The orc throws a tomahawk.
The tomahawk hits you.
The orc hits you with a mace of protection.
You hit the orc but do no damage. The orc closely misses you.
You hit the orc but do no damage.
The orc hits you with a vampiric dagger.
The orc hits you but does no damage.
You barely miss the orc. You block the orc's attack.
You closely miss the orc. The orc closely misses you.
The orc hits you with a mace of protection!
You hit the orc but do no damage.
The orc hits you with a vampiric dagger.
You block the orc's attack.
You hit the orc but do no damage. The orc closely misses you.
The orc hits you with a mace of protection!
You die...

#...........#.#
######..#####.#
#...รท....#
#.######## #.# ###
#.#########
###...#.........#
.....#.#######.###
#...#.###go@o...#
#.#...##.###.#.#
#........###.#
###..........#
##o######### #.#
#.# #o## ##...##


You could see an orc priest (wandering), 2 orcs and a goblin.

Vanquished Creatures
  4 adders
  A worm (D:2)
  A dart slug (D:1)
  2 leopard geckos
  2 orcs (D:3)
  A ball python (D:1)
  5 bats
  3 giant cockroaches
  10 goblins
  4 hobgoblins
  6 kobolds
  A quokka (D:2)
  5 frilled lizards
  5 rats
50 creatures vanquished.

Notes
Turn   | Place    | Note
-------+----------+-------------------------------------------
     0 | D:1      | vuev the Deep Elf Conjurer began the quest for the Orb.
     0 | D:1      | Reached XP level 1. HP: 10/10 MP: 6/6
   192 | D:1      | Reached XP level 2. HP: 15/15 MP: 2/8
   336 | D:1      | Learned a level 2 spell: Searing Ray
   420 | D:1      | Reached skill level 5 in Conjurations
  1320 | D:2      | Reached XP level 3. HP: 19/19 MP: 3/9
  1396 | D:2      | You fall through a shaft for 2 floors!
  1450 | D:4      | Found Esmaiss's Food Shoppe.
  3032 | D:3      | Reached XP level 4. HP: 24/24 MP: 1/11
  3570 | D:3      | Reached skill level 6 in Conjurations
  3666 | D:3      | Slain by an orc

Vault maps used:
D:1:      elethiomel_arrival_quiet
D:4:      serial_shops, shop, uniq_grinder

Skill      XL: |  1  2  3  4 |
---------------+-------------+-----
Conjurations   | 5 6 |  6.0
Dodging        | |  2.8
Stealth        | |  2.4
Spellcasting   | |  3.7

Action                   |  1- 3 |  4- 6 || total
-------------------------+-------+-------++-------
Melee: Dagger            |     7 |    20 ||    27
Throw: Stone             |     1 |       ||     1
 Cast: Magic Dart        |    63 |    12 ||    75
       Searing Ray       |     6 |     3 ||     9
  Use: Potion            |       |     3 ||     3
  Eat: Chunk             |     5 |       ||     5
       Bread ration      |       |     1 ||     1
Armor: Robe              |     4 |     7 ||    11
Dodge: Dodged            |    17 |    31 ||    48
Block: Other             |     6 |    11 ||    17
